Cogmind - Beta 11.1 @@@ ROGUE MODE // 2022.04.23 @ 16:39:17 Player: Gobbopathe Result: Destroyed by as-06338 with Assembled Rifle Performance ------------- Evolutions (0) 0 Regions Visited (2) 400 Robots Destroyed (9) 45 Value Destroyed (101) 101 Prototype IDs (0) 0 Alien Tech Used (0) 0 Bonus (0) 0 TOTAL SCORE: 546 Bonus ------- None Cogmind --------- Core Integrity 0/250 Matter 300/300 Energy 99/100 System Corruption 0% Temperature Cool (0) Movement Core (50) Location -10/Mines Parts ------- > --- POWER (1) -------- (None) > --- PROPULSION (2) --- (None) > --- UTILITY (2) ------ (None) > --- WEAPON (2) ------- (None) > --- INVENTORY (5) ---- Light Ion Engine Wheel Sensor Array Power Shielding Hacking Suite Peak State ------------ > --- POWER ------------ Ion Engine > --- PROPULSION ------- Wheel Compact Wheel > --- UTILITY ---------- High-capacity Storage Unit Improved Terrain Scanner > --- WEAPON ----------- Small Laser Light Assault Rifle > --- INVENTORY -------- Light Ion Engine Wheel Wheel Sensor Array Power Shielding Hacking Suite Light Assault Rifle Grenade Launcher [Rating: 10] Favorites ----------- Power Ion Engine Engine Ion Engine Propulsion Compact Wheel Wheel Compact Wheel Utility Improved Terrain Scanner Device Improved Terrain Scanner Storage High-capacity Storage Unit Weapon Small Laser Energy Gun Small Laser Ballistic Gun Light Assault Rifle Build | -11 -10 -10 ------- Run | Scr Mat Min Slots Evolved . | . . . Power . | . . . Propulsion . | . . . Utility . | . . . Weapon . | . . . Parts Attached 8 | 6 2 . Power 1 | 1 . . Engine 1 | 1 . . Core . | . . . Reactor . | . . . Propulsion 2 | 2 . . Treads . | . . . Leg . | . . . Wheel 2 | 2 . . Hover . | . . . Flight . | . . . Utility 3 | 1 2 . Device 1 | . 1 . Storage 2 | 1 1 . Processor . | . . . Hackware . | . . . Protection . | . . . Artifact . | . . . Weapon 2 | 2 . . Energy Gun 1 | 1 . . Energy Cannon . | . . . Ballistic Gun 1 | 1 . . Ballistic Cannon . | . . . Launcher . | . . . Special Weapon . | . . . Impact Weapon . | . . . Slashing Weapon . | . . . Piercing Weapon . | . . . Special Melee Weapon . | . . . Unidentified Prototypes . | . . . Parts Lost 5 | . . 5 Power . | . . . Propulsion 2 | . . 2 Utility 1 | . . 1 Weapon 2 | . . 2 Highest Loss Streak 5 | . . 5 To Critical Strikes . | . . . Average Slot Usage (%) 85 | . 95 77 Engine 12 | . 14 10 Wheel 24 | . 28 21 Device 10 | . 10 10 Storage 12 | . 14 10 Energy Gun 12 | . 14 10 Ballistic Gun 12 | . 14 10 Naked Turns 57 | . . 57 Heaviest Build 48 | 12 48 48 Greatest Support 26 | 26 26 26 Greatest Overweight (x) 2 | . 1 2 Average Overweight (x) . | . . . Largest Inventory Capacity 20 | 8 20 20 Average Capacity 13 | 6 11 16 Most Carried 10 | 2 7 10 Average Carried 5 | 1 4 7 Final Capacity 20 | 8 20 5 Final Carried 7 | 2 7 5 Class Distribution -------------------- 100% | Mutant Dominant Class ---------------- Mutant | -10/Materials Mutant | -10/Mines Resources | -11 -10 -10 ----------- Run | Scr Mat Min Matter Collected 303 | 263 20 20 Remotely . | . . . Salvage Created 257 | 105 77 75 Parts 19 | 2 10 7 Haulers Intercepted . | . . . Recyclers Shooed . | . . . Parts Field Recycled . | . . . Retrieved Matter . | . . . Parts Self-Destructed . | . . . Prevented . | . . . Kills | -11 -10 -10 ------- Run | Scr Mat Min Combat Hostiles Destroyed 4 | . 1 3 Guns 4 | . 1 3 Classes Destroyed 6 | 2 2 2 Worker 1 | . . 1 Tunneler 2 | 1 1 . Recycler 1 | 1 . . Operator 1 | . 1 . Swarmer 3 | . . 3 Grunt 1 | . 1 . Best Kill Streak 3 | 2 1 3 Combat Bots Only 3 | . 1 3 Max Kills in Single Turn 2 | 1 1 2 Gunslinging . | . . . Exploded . | . . . Melee . | . . . Uniques/NPCs Destroyed . | . . . Combat | -11 -10 -10 -------- Run | Scr Mat Min Damage Taken 632 | . 22 610 Core 257 | . 11 246 Absorbed by Shields . | . . . Core Remaining (%) 100 | 100 . . Volleys Fired 25 | 3 10 12 Largest 2 | 2 2 2 Hottest 60 | 60 60 60 Shots Fired 49 | 6 20 23 Gun 49 | 6 20 23 Cannon . | . . . Launcher . | . . . Special . | . . . Kinetic 24 | 3 10 11 Thermal 25 | 3 10 12 Explosive . | . . . Electromagnetic . | . . . Robot Hit Streak 6 | 6 5 4 Robot Miss Streak 7 | . 3 7 Penetration Max . | . . . Secondary Targets . | . . . Shots Hit Robots 24 | 6 8 10 Core Hits 16 | 4 5 7 Critical Kills . | . . . Critical Parts Destroyed . | . . . Critical Strikes . | . . . Melee Attacks . | . . . Impact . | . . . Slashing . | . . . Piercing . | . . . Sneak Attacks . | . . . Combat Hostiles . | . . . Follow-up Attacks . | . . . Damage Inflicted 255 | 55 76 124 Guns 255 | 55 76 124 Cannons . | . . . Explosions . | . . . Melee . | . . . Ramming . | . . . Kinetic 99 | 23 30 46 Thermal 156 | 32 46 78 Explosive . | . . . Electromagnetic . | . . . Impact . | . . . Slashing . | . . . Piercing . | . . . Highest Corruption . | . . . Average Corruption . | . . . Corruption Purged . | . . . Corruption Blocked . | . . . Overload Shots . | . . . Overflow Damage . | . . . Projectiles . | . . . Explosions . | . . . Melee . | . . . Knockbacks . | . . . Impact . | . . . Kinetic . | . . . Secondary . | . . . Self-Inflicted Damage . | . . . Shots . | . . . Rammed . | . . . Targets Rammed . | . . . Kicked . | . . . Crushed . | . . . Highest Temperature 52 | 20 52 40 Average Temperature 21 | 15 21 23 Received Heat Transfer 21 | . 12 9 Siege Activations . | . . . Robots Corrupted . | . . . Combat Hostiles . | . . . Parts Fried . | . . . Impact Corruptions . | . . . Robots Melted . | . . . Combat Hostiles . | . . . Parts Melted . | . . . Heat Transferred 350 | 75 100 175 Parts Sabotaged . | . . . Parts Stolen . | . . . Parts Stripped . | . . . Power Chain Reactions . | . . . Missiles Intercepted . | . . . Alert | -11 -10 -10 ------- Run | Scr Mat Min Peak Influence 120 | 10 53 120 Initial 20 | . 6 20 Average 40 | 3 29 56 Maximum Alert Level . | . . . Low Security (%) 100 | 100 100 100 Level 1 . | . . . Level 2 . | . . . Level 3 . | . . . Level 4 . | . . . Level 5 . | . . . High Security . | . . . Max Security . | . . . Squads Dispatched 1 | . 1 . Investigation . | . . . Extermination . | . . . Reinforcement 1 | . 1 . Assault . | . . . Garrison . | . . . Intercept . | . . . Searches Triggered . | . . . Construction Impeded . | . . . Haulers Reinforced . | . . . Active Scanning Responses . | . . . Cargo Convoy Interrupts . | . . . Stealth | -11 -10 -10 --------- Run | Scr Mat Min Distress Signals 1 | . . 1 Communications Jammed . | . . . Distress Signals . | . . . Times Spotted 25 | . 5 20 Peak Tracking Total 6 | . 1 6 Tactical Retreats 2 | . . 2 Traps | -11 -10 -10 ------- Run | Scr Mat Min Traps Triggered . | . . . Indirectly . | . . . Trap Hack Attempts . | . . . Triggered . | . . . Disarmed . | . . . Reprogrammed . | . . . Reused . | . . . Traps Extracted . | . . . Installed . | . . . Triggered . | . . . Machines | -11 -10 -10 ---------- Run | Scr Mat Min Machines Disabled . | . . . Max in Single Turn . | . . . Machines Sabotaged . | . . . Garrisons Compromised . | . . . Overloaded Fab Kills . | . . . Hacking | -11 -10 -10 --------- Run | Scr Mat Min Machines Accessed 2 | . 2 . Terminals 2 | . 2 . Fabricators . | . . . Repair Stations . | . . . Recycling Units . | . . . Scanalyzers . | . . . Garrison Access . | . . . Total Hacks 5 | . 5 . Successful 1 | . 1 . Failed 4 | . 4 . Catastrophic 1 | . 1 . Database Lockouts . | . . . Manual 5 | . 5 . Terminals 5 | . 5 . Fabricators . | . . . Repair Stations . | . . . Recycling Units . | . . . Scanalyzers . | . . . Garrison Access . | . . . Terminal Hacks 1 | . 1 . Part Schematic 1 | . 1 . Fabricator Hacks . | . . . Repair Station Hacks . | . . . Recycling Unit Hacks . | . . . Scanalyzer . | . . . Garrison Access Hacks . | . . . Unauthorized Hacks . | . . . Terminals . | . . . Fabricators . | . . . Repair Stations . | . . . Recycling Units . | . . . Scanalyzers . | . . . Garrison Access . | . . . Data Cores Recovered . | . . . Used . | . . . Hacking Detections 2 | . 2 . Full Trace Events . | . . . Feedback Events . | . . . Feedback Blocked . | . . . Robot Schematics Acquired . | . . . Robots Built . | . . . Authchips . | . . . Time . | . . . Total Robot Build Rating . | . . . Part Schematics Acquired 1 | . 1 . Parts Built . | . . . Authchips . | . . . Time . | . . . Total Part Build Rating . | . . . Parts Repaired . | . . . Time . | . . . Parts Recycled . | . . . Recycled Matter . | . . . Retrieved Matter . | . . . Retrieved Components . | . . . Parts Scanalyzed . | . . . Part Schematics Acquired . | . . . Parts Damaged . | . . . Bothacking | -11 -10 -10 ------------ Run | Scr Mat Min Used RIF Installer . | . . . Robots Hacked . | . . . Non-combat . | . . . Combat . | . . . Robot Hacks Applied . | . . . Relay Couplers Released . | . . . Fabnet Peak Effective % . | . . . Robots Rewired . | . . . Allies Hacked . | . . . Hacks Repelled . | . . . Allies | -11 -10 -10 -------- Run | Scr Mat Min Total Allies . | . . . Largest Group . | . . . Highest-Rated Group . | . . . Highest-Rated Ally . | . . . Total Orders . | . . . Ally Attacks . | . . . Total Damage . | . . . Kills . | . . . Allies Corrupted . | . . . Allies Melted . | . . . Intel | -11 -10 -10 ------- Run | Scr Mat Min Robot Analysis Total . | . . . Derelict Logs Recovered 2 | . . 2 Drone Launches . | . . . Drone Recoveries . | . . . Exploration | -11 -10 -10 ------------- Run | Scr Mat Min Turns Passed 505 | 58 180 267 Spaces Moved 458 | 42 151 265 Core 101 | 1 . 100 Treads . | . . . Legs . | . . . Wheels 357 | 41 151 165 Hover . | . . . Flight . | . . . Fastest Speed 50 | 50 90 50 Average Speed 88 | 89 95 84 Slowest Speed 130 | 100 105 130 Overloaded Moves . | . . . Propulsion Burnouts . | . . . Robots Hopped . | . . . Cave-ins Triggered . | . . . Exploration Rate (%) 30 | 3 31 56 Regions Visited 2 Branch Regions 1 Pre-discovered Areas 1 | . . 1 Known Exits Taken . | . . . Unknown Exits Taken 2 | 1 1 . Scrap Searched 1 | . . 1 Spaces Dug . | . . . Terrain Destroyed . | . . . Melee . | . . . Projectile . | . . . AOE . | . . . Terrain Rammed . | . . . Walls Destroyed . | . . . Machines Disabled . | . . . Actions | -11 -10 -10 --------- Run | Scr Mat Min Total 508 | 53 168 287 Wait 8 | 1 . 7 Move 456 | 41 150 265 Hop . | . . . Pick Up 10 | 2 5 3 Fast Attach 7 | 6 1 . Attach . | . . . Detach . | . . . Swap 1 | . 1 . Drop 1 | . 1 . Fire 25 | 3 10 12 Melee . | . . . Ram . | . . . Kick . | . . . Crush . | . . . Escape Stasis . | . . . Rewire . | . . . Trap . | . . . Miscellaneous . | . . . Route ------- -11/Scrapyard -10/Materials -10/Mines (discovered 1 exit: [*Mat]) History --------- Turn | Location | Event 2 | -11/Scrapyard | Met Revision 17 24 | -11/Scrapyard | Discovered new exit (range 16) 59 | -11/Scrapyard | Entered Materials 200 | -10/Materials | Discovered new exit (range 16) 239 | -10/Materials | Entered Mines 317 | -10/Mines | Build established: Mutant 399 | -10/Mines | Assembled infested the area 403 | -10/Mines | Learned location of Mines (-9) 404 | -10/Mines | Assisted by a Guerilla fighting off Assembled 406 | -10/Mines | Learned Materials trap positions 442 | -10/Mines | Core integrity fell below 50% 449 | -10/Mines | Released all parts (2) 451 | -10/Mines | Core integrity fell below 20% 473 | -10/Mines | Discovered new exit (range 10) 479 | -10/Mines | Lost 5 parts (2n1u2w) 506 | -10/Mines | Destroyed by as-06338 with Assembled Rifle Last Messages --------------- 00449_ Released Hcp. Storage Unit. 00449_ Released Ion Engine. 00450_ as-02313 destroyed. 00451_ The unstable cave ceiling collapses. 00463_ K-01 Serf collects debris. 00463_ K-01 Serf destroyed. 00465_ K-01 Serf collects debris. 00469_ U-05 Engineer system corrupted by crushing effect. 00469_ U-05 Engineer destroyed. 00470_ K-01 Serf collects debris. 00473_ K-01 Serf destroyed. 00473_ EXIT=FOUND 00474_ K-01 Serf destroyed. 00501_ K-01 Serf collects debris. 00502_ T-07 Excavator sends out distress signal. 00502_ R-06 Scavenger collects Com. Wheel. 00504_ The unstable cave ceiling collapses. 00504_ K-01 Serf collects debris. 00505_ The unstable cave ceiling collapses. 00505_ R-06 Scavenger collects Lgt. Assault Rifle. Map ----- +----------------------------------------------------+ | ????"" < #???# #??# ## #?#?#???????????#????? | | ????"" #???# #?## ## #????????????????????? | | ????"" ????# #### # ###??????????????????? | | ??? ? ?????# ## ###????????????????? | | ????? ??????## ## ##??????? ???????? | | ?????? ?????#?# ## []! #???????????????? | | ###???# #????????# ## !%[ ## #????? | | ##??# #??????### ## [* ## ???????? | | #### #???#?## # # # # ###?????? ??? | | ##????? # ##?#???????????? | | #????? ## #### #?????????????? | | ####### ## #?????????????? | | ## # ## # # #?????????????? | | ## k ### ## # #?????#???????? | | ####### ! #?# # # #????????????? | | #?????## %% ## #??????? ????? | | ######## ### d # ##???????????? | | ### ##?## # #????????????? | | ##### #?####???## % ## # ##????????????? | | #?#?# #?#???????#%gr ### #?????????????? | | ?#??# #?????????# % # ##?????????????? | | #???# #?????????#! ##=t= # ###??????????????? | | ??#?# ####?????## %###* ## #????????#???????? | | #??## ####???# !### ## #????????????????? | | #### ###?# ### ## #????????????????? | | #### ####@ #????????????????? | | ## #??# #?????????? ????? | | #### ##?## a a% #???????????????? | | ##??## #??? a #???????????????? | | #????## ## #??# #??????????????? | | #???#?###### #???# ! #?????????????? | | ##?????????## #????# ????????????? | | ## #####??????## ##????# a ???????????? | | ## ##??????####????##? ###???????????? | | ### #???#????????????? ##?????????????? | | #?# #????????????????? ##??????????????? | | #?## #####????????????????? #???????????????? | | ##?#######?????????????????????? ???????????????? | | ##????#??????????#????#?????????????????????????? | | #?#?????????????????????????????????????????????? | | #???????????????#??#????????????????????????????? | | ##???????????????????????????????????????????????? | | #????????????????????????????????????????????????? | | #??????????#?????????????????????????????????????? | | ##??????#????????????????????????????????????????? | | #???????????????????????????????????????????????? | | #?????#?????????????????????????????????????????? | | ##????#??????????????????????????????????????????? | | #?????????#??????????????????????????????????????? | | ?????????????????????????????????????????????????? | +----------------------------------------------------+ Best States ------------- Heat Dissipation 25 Energy Generation 10 Energy Capacity 250 Matter Stores 300 Matter Capacity 300 Sight Range 16 Terrain Scan Range 16 Terrain Scan Density 10 Evasion (%) 50 Item Schematics ----------------- Wheel | -10/Materials | Hacked Robot Schematics ------------------ None Fabricated ------------ Nothing Alien Tech Used ----------------- None Achievements -------------- None Challenges ------------ None Game ------ Seed MakeshiftUltimateCloak Manual? 0 Play Time 00:12:09 Cumulative 195.8 hours Start 2022.04.23 @ 15:55:27 End 2022.04.23 @ 16:39:17 Sessions 1 Manual Loads 0 Difficulty Rogue Special Mode None Game No. 99 Rogue 99 Adventurer 0 Explorer 0 Win Type - Total 5 Types 4/0/1/0/0/0/0/0/0 Lore% 71 Gallery% 74 Achievement% 60 Wizard Run 0 Options --------- ASCII 0 Keyboard 1 Movement Numpad Keybinds 0 Fullscreen 2 Font 18/SmallcapsGlow Map View 76x50 Tactical HUD 1 Map Filters NONE Filters NONE Steam 1 RUN: 42a1af7b-6ba9-46cb-ab96-faafe7cfd7dc